 Dungeon Crawl Stone Soup version 0.20-a0-556-g892c87b (webtiles) character file.

4314 polly the Cleaver (level 10, -2/90 HPs)
             Began as a Minotaur Berserker on Feb 5, 2017.
             Was a High Priest of Trog.
             Shot with a bolt by an orc warrior (4 damage)
             ... in a bailey.
             The game lasted 00:13:00 (7439 turns).

polly the Cleaver (Minotaur Berserker)              Turns: 7439, Time: 00:13:01

Health: -2/90      AC: 20    Str: 25    XL:     10   Next: 11%
Magic:  9/9        EV:  9    Int:  4    God:    Trog [*****.]
Gold:   614        SH:  0    Dex: 10    Spells: 9/9 levels left

rFire    . . .     SeeInvis +   R - +0 war axe (freeze)
rCold    . . .     Gourm    .   I - +0 plate armour
rNeg     . . .     Faith    .   (no shield)
rPois    .         Spirit   .   (helmet restricted)
rElec    .         Reflect  .   t - +2 cloak
rCorr    .         Harm     .   q - +0 pair of gloves
MR       .....                  s - +0 pair of boots
Stlth    ..........             (no amulet)
Regen    0.3/turn               (no ring)
                                G - ring of see invisible

@: very slightly contaminated
A: retaliatory headbutt, horns 2
a: Berserk, Trog's Hand, Brothers in Arms, Burn Spellbooks, Renounce Religion


You were in a bailey.
You worshipped Trog.
Trog was extremely pleased with you.
You were very hungry.

You visited 1 branch of the dungeon, and saw 9 of its levels.
You visited the Abyss 1 time.
You also visited: Bailey.

You collected 614 gold pieces.

Inventory:

Hand Weapons
 k - a +0 hand axe of electrocution
 R - a +0 war axe of freezing (weapon)
Armour
 q - a +0 pair of gloves (worn)
 s - a +0 pair of boots (worn)
 t - a +2 cloak (worn)
 I - a +0 plate armour (worn)
Jewellery
 G - a ring of see invisible (left hand)
 O - an uncursed ring of poison resistance {unknown}
Wands
 g - a wand of polymorph (0/24)
 u - a wand of confusion (35/48)
 A - a wand of lightning (13/15)
Scrolls
 b - 3 scrolls of teleportation {unknown}
 d - a scroll of immolation {unknown}
 e - 6 scrolls of remove curse
 f - 3 scrolls of blinking
 h - 3 scrolls of enchant weapon {unknown}
 m - 4 scrolls of identify {unknown}
 o - a scroll of noise {unknown}
 y - a scroll of fog {unknown}
 z - a scroll of random uselessness {unknown}
 B - 2 scrolls of recharging {unknown}
 D - a scroll of amnesia {unknown}
 F - 4 scrolls of enchant armour {unknown}
 L - a scroll of magic mapping {unknown}
Potions
 a - a potion of might {unknown}
 l - a potion of haste {unknown}
 n - a potion of brilliance {unknown}
 p - a potion of flight {unknown}
 r - 2 potions of resistance {unknown}
 v - a potion of cancellation {unknown}
 C - a potion of invisibility {unknown}
 E - 2 potions of degeneration {unknown}
 H - 2 potions of heal wounds {unknown}
 K - a potion of magic {unknown}
 N - a potion of mutation {unknown}
Books
 J - a book of Minor Magic

   Spells                             Type                      Level
   a - Magic Dart                     Conjuration                  1
   b - Blink                          Translocation                2
   c - Call Imp                       Summoning                    2
   d - Repel Missiles                 Charms/Air                   2
   e - Slow                           Hexes                        2
   f - Conjure Flame                  Conjuration/Fire             3
   g - Mephitic Cloud                 Conjuration/Poison/Air       3
   Trog disapproves of the use of such an item.
 M - a book of Misfortune

   Spells                             Type                      Level
   a - Confusing Touch                Hexes                        1
   b - Confuse                        Hexes                        3
   c - Gell's Gravitas                Hexes/Translocation          3
   d - Petrify                        Transmutation/Earth          4
   e - Metabolic Englaciation         Hexes/Ice                    5
   f - Yara's Violent Unravelling     Hexes/Transmutation          5
   Trog disapproves of the use of such an item.
 Q - a book of Clouds

   Spells                             Type                      Level
   a - Poisonous Vapours              Poison/Air                   2
   b - Mephitic Cloud                 Conjuration/Poison/Air       3
   c - Conjure Flame                  Conjuration/Fire             3
   d - Freezing Cloud                 Conjuration/Ice/Air          6
   e - Ring of Flames                 Charms/Fire                  7
   Trog disapproves of the use of such an item.
Comestibles
 c - 3 bread rations
 j - 2 meat rations
 w - 4 royal jellies
 x - 12 fruits


   Skills:
 + Level 8.7 Fighting
 + Level 11.9 Axes
 + Level 9.6 Armour
 + Level 4.6 Dodging
 + Level 1.3 Stealth
 + Level 0.4 Unarmed Combat


You had 9 spell levels left.
You didn't know any spells.

Dungeon Overview and Level Annotations

Branches:
Dungeon (9/15)             Temple (0/1) D:5            Lair (0/6) D:8
    Orc: D:9-12

Altars:
Elyvilon
Kikubaaqudgha
Ru
Sif Muna
Xom
Zin

Shops:
D:7 %   D:8 *


Innate Abilities, Weirdness & Mutations

You reflexively headbutt those who attack you in melee.
You have a pair of horns on your head.


Message History

Press: ? - help, Dir - move target cursor You are very lightly contaminated with residual magic.
As you read the scroll labeled CUOFOI LEUH, it crumbles to dust.
It was a scroll of blinking.
The orc warrior shoots a bolt.
The bolt misses you.
The orc warrior wields an uncursed arbalest.
The orc warrior shoots a bolt.
The bolt barely misses you.
You see here a bolt.
The orc warrior shoots a bolt.
The bolt barely misses you.
You see here a bolt.
The orc warrior shoots a bolt.
The bolt barely misses you.
The orc warrior shoots a bolt.
The bolt hits you but does no damage.
You see here a bolt.
The orc warrior shoots a bolt.
The bolt hits you but does no damage.
You see here a bolt.
The orc warrior shoots a bolt.
The bolt hits you!!
* * * LOW HITPOINT WARNING * * *
You see here a bolt.
The orc warrior shoots a bolt.
The bolt hits you.
You die...

≈#.#≈≈..(((.#
≈≈≈≈≈≈....((#
≈≈≈≈≈≈.....(#
≈≈≈≈≈≈....((#
≈≈≈≈≈≈...oo.#
≈≈≈≈≈≈.(..(.#
≈≈≈≈≈≈......#
≈≈≈≈≈≈..(.(.#
≈≈≈≈≈≈...@..#
≈≈≈≈≈≈...((.#
≈≈≈≈≈≈....(.#
≈≈≈≈≈≈....(.#
≈≈≈≈≈≈......#
#≈≈≈
≈≈≈≈≈≈......#
##≈≈≈≈
≈#.#≈≈......#
≈≈≈≈≈≈
.##≈......#
≈≈≈≈≈≈
^..≈...)..#


You could see 2 orc warriors.

Vanquished Creatures
  A two-headed ogre (D:9)
  A hippogriff (D:8)
  3 yaks (D:9)
  A hungry ghost (D:9)
  A black bear (D:8)
  5 orc warriors
  A sky beast (D:8)
  4 ogres
  A phantom (D:7)
  A centaur (D:6)
  A crocodile (D:9)
  4 bullfrogs
  A water moccasin zombie (D:8)
  A scorpion (D:6)
  6 killer bees (D:8)
  2 vampire bats (D:2)
  3 crimson imps
  4 orc priests
  A bullfrog skeleton (D:4)
  4 hounds
  A centaur skeleton (D:5)
  3 worker ants
  Natasha (thrice) (D:3)
  Terence (D:2)
  An iguana (D:7)
  3 orc wizards
  A howler monkey zombie (D:5)
  2 worker ant zombies (D:5)
  3 gnolls (D:6)
  14 adders
  An ooze (D:2)
  An adder skeleton (D:8)
  3 worms
  A dart slug (D:1)
  3 leopard geckos
  27 orcs
  11 bats
  4 bat skeletons (D:2)
  A bat zombie (D:2)
  6 giant cockroaches
  10 goblins
  11 hobgoblins
  21 jackals
  5 quokkas
  2 ball pythons (D:3)
  6 frilled lizards
  14 kobolds
  3 leopard gecko zombies
  9 rats
217 creatures vanquished.

Notes
Turn   | Place    | Note
-------+----------+-------------------------------------------
     0 | D:1      | polly the Minotaur Berserker began the quest for the Orb.
     0 | D:1      | Reached XP level 1. HP: 19/19 MP: 0/0
    98 | D:1      | Reached XP level 2. HP: 25/27 MP: 1/1
   113 | D:1      | Reached skill level 4 in Axes
   536 | D:1      | Reached XP level 3. HP: 33/33 MP: 2/2
   625 | D:1      | Reached ** piety under Trog
  1050 | D:2      | Reached XP level 4. HP: 36/41 MP: 3/3
  1051 | D:2      | Noticed Terence
  1067 | D:2      | Killed Terence
  1430 | D:2      | Found an ancient bone altar of Kikubaaqudgha.
  1433 | D:2      | Reached skill level 5 in Fighting
  1433 | D:2      | Reached skill level 5 in Axes
  1433 | D:2      | Reached XP level 5. HP: 45/48 MP: 4/4
  1648 | D:2      | Reached *** piety under Trog
  1940 | D:3      | Found a shimmering altar of Xom.
  1940 | D:3      | Found a glowing silver altar of Zin.
  1940 | D:3      | Noticed an angel
  1998 | D:3      | Noticed Natasha
  1998 | D:3      | Reached XP level 6. HP: 56/56 MP: 5/5
  2005 | D:3      | Reached skill level 6 in Axes
  2013 | D:3      | Killed Natasha
  2441 | D:3      | Noticed Natasha
  2445 | D:3      | Killed Natasha
  2683 | D:3      | Noticed Natasha
  2687 | D:3      | Killed Natasha
  3333 | D:4      | Reached XP level 7. HP: 59/62 MP: 6/6
  3334 | D:4      | Reached skill level 7 in Axes
  3480 | D:5      | Entered Level 5 of the Dungeon
  3814 | D:5      | Reached **** piety under Trog
  3939 | D:5      | Found a staircase to the Ecumenical Temple.
  4027 | D:5      | Found a sacrificial altar of Ru.
  4034 | D:5      | Found a white marble altar of Elyvilon.
  4045 | D:5      | Reached skill level 5 in Armour
  4577 | D:6      | Cast into level 1 of the Abyss (gnoll)
  4606 | Abyss:1  | Noticed a smoke demon
  4616 | Abyss:1  | Noticed a raiju
  4623 | D:6      | Escaped the Abyss
  4626 | D:6      | Found a shimmering altar of Xom.
  4855 | D:6      | Reached skill level 8 in Axes
  4903 | D:6      | Reached XP level 8. HP: 69/71 MP: 7/7
  5023 | D:7      | Reached skill level 1 in Stealth
  5274 | D:7      | Found Akip's Food Boutique.
  5290 | D:7      | Reached skill level 9 in Axes
  5365 | D:8      | Noticed a hippogriff
  5372 | D:8      | Killed a hippogriff
  5649 | D:8      | Found a staircase to the Lair.
  5700 | D:8      | Reached XP level 9. HP: 79/79 MP: 8/8
  6014 | D:8      | Found Wattag's General Store.
  6079 | D:8      | Reached skill level 10 in Axes
  6497 | D:9      | Noticed a two-headed ogre
  6500 | D:9      | Reached ***** piety under Trog
  6507 | D:9      | Killed a two-headed ogre
  6507 | D:9      | Reached skill level 11 in Axes
  6648 | D:9      | Found a deep blue altar of Sif Muna.
  6729 | D:9      | Reached XP level 10. HP: 49/90 MP: 9/9
  6736 | D:9      | Found a flagged portal.
  6761 | Bailey   | Entered a bailey
  7275 | Bailey   | Received a gift from Trog
  7438 | Bailey   | HP: 2/90 [orc warrior/bolt (19)]
  7439 | Bailey   | Shot with a bolt by an orc warrior

Vault maps used:
D:1:      kennysheep_arrival_forest
D:2:      kennysheep_vampire_church, st_stairs_4, uniq_terence
D:3:      grunt_temple_overflow_order_and_chaos_1,
          minmay_misc_feat_secret_circle, uniq_natasha
D:4:      first_bread
D:5:      minitemple, minmay_temple_entry_nine_rooms
D:6:      tgw_xom
D:7:      serial_shops, nicolae_shop_crystal
D:8:      lair_entry_dummy, serial_shops, nicolae_shop_waterfront
D:9:      kennysheep_mini_moat, enter_bailey_3
Bailey:   bailey_polearm_2, bailey

Skill      XL: |  1  2  3  4  5  6  7  8  9 |
---------------+----------------------------+-----
Axes           | 4 5 6 8 9 11 | 11.9
Fighting       | 4 5 6 7 8 |  8.7
Dodging        | 3 4 |  4.6
Armour         | 4 5 7 9 |  9.6
Stealth        | 1 |  1.3
Unarmed Combat | |  0.4

Action                   |  1- 3 |  4- 6 |  7- 9 | 10-12 || total
-------------------------+-------+-------+-------+-------++-------
Melee: Hand axe          |    74 |   172 |   262 |    33 ||   541
       Headbutt          |    14 |    27 |    41 |     5 ||    87
       Unarmed           |       |     8 |       |       ||     8
       War axe           |       |       |       |     3 ||     3
Invok: Berserk           |       |     1 |       |       ||     1
       Burn Spellbooks   |       |       |     2 |       ||     2
Evoke: Wand              |       |       |       |     1 ||     1
  Use: Potion            |     1 |     1 |       |     1 ||     3
       Scroll            |       |       |       |     2 ||     2
 Stab: Sleeping          |     2 |       |       |       ||     2
  Eat: Chunk             |       |     9 |     7 |     2 ||    18
       Royal jelly       |       |       |     1 |     1 ||     2
       Fruit             |       |       |       |     1 ||     1
Armor: Animal skin       |    21 |     7 |       |       ||    28
       Skin              |       |     5 |       |       ||     5
       Scale mail        |       |    34 |       |       ||    34
       Chain mail        |       |    31 |    63 |       ||    94
       Plate armour      |       |       |    91 |    40 ||   131
Dodge: Dodged            |    60 |   141 |   117 |    49 ||   367
